 Dungeon Crawl Stone Soup version 0.31-a0-366-ga77b45bd9b (webtiles) character file.

Game seed: 12487165524171797213

1 MacCMillion the Changeling (level 1, 15/15 HPs)
             Began as a Merfolk Shapeshifter on July 28, 2023.
             Quit the game on level 1 of the Dungeon.
             The game lasted 00:00:23 (99 turns).

MacCMillion the Changeling (Merfolk Shapeshifter)     Turns: 99, Time: 00:00:24

Health: 15/15      AC:  2    Str: 15    XL:     1   Next: 20%
Magic:  1/1        EV: 12    Int:  7    God:
Gold:   10         SH:  0    Dex: 14    Spells: 0/0 levels left

rFire   . .          .
                       - Unarmed
rCold   . . .        (no shield)
rNeg    . . .        a - +0 animal skin
rPois   .            (helmet currently unavailable)
rElec   .            (cloak currently unavailable)
rCorr   .            (gloves currently unavailable)
SInv    .            (boots currently unavailable)
Will    .....        (no amulet)
Stlth   +            (no ring)
HPRegen 0.22/turn    (no ring)
MPRegen 0.07/turn

%: no passive effects
@: beast-form
A: beast (slay +2), (nimble swimmer 2), mertail
a: Begin Untransformation


You were on level 1 of the Dungeon.
You were a hulking beast.
You visited 1 branch of the dungeon, and saw 1 of its levels.

You collected 10 gold pieces.

Inventory:

Armour
 a - a +0 animal skin (worn)
 f - a +0 pair of gloves
Jewellery
 e - a ring of resist corrosion
Talismans
 c - a beast talisman
Scrolls
 d - a scroll of identify {unknown}
Potions
 b - a potion of lignification


   Skills:
 - Level 1.1 Fighting
 - Level 2.6 Dodging
 - Level 3.2 Unarmed Combat
 + Level 4.1 Shapeshifting


You couldn't memorise any spells.
You didn't know any spells.
Your spell library was empty.

Dungeon Overview and Level Annotations

Branches:
Dungeon (1/15)

Altars:


Innate Abilities, Weirdness & Mutations

You are a hulking beast.
Your limbs bulge with bestial killing power. (Slay +2)
((You are very nimble when in or above water. (Stealth+, EV+, Speed+++)))
Your lower body shifts to a powerful aquatic tail in water.


Message History

Welcome, MacCMillion the Merfolk Shapeshifter.
The Orb of Zot is coveted for many reasons.
Will you seize it for your own?
Press ? for a list of commands and other information.
Found five escape hatches in the floor.
Found a staircase leading out of the dungeon.
An endoplasm comes into view.
An endoplasm is nearby!
An endoplasm is nearby!
The endoplasm freezes you.
You are frozen.
You hit the endoplasm.
The endoplasm is almost dead.
The endoplasm freezes you.
You are frozen.
You hit the endoplasm.
You kill the endoplasm!
No target in view!
HP restored.
You now have 10 gold pieces.
Found a stone staircase leading down.
There is a stone staircase leading down here.
You open the door.
Found a pair of gloves.
There is an open door here.
d - a scroll labelled TOITOH RIUFUSK
Found a spear.
e - a ring of resist corrosion Unknown command.
You see here a +0 pair of gloves.
f - a +0 pair of gloves
Okay, then.
Are you sure you want to abandon this character and quit the game? (Confirm with "yes".)

##...#####.##
.......#.# #..#
..####.#.# ##.#
#.#.# #.#
.####.#.### #.##
..........####..#
............###.##
............# #..#
.........h..####.#
............+....#
####........###.##
#........###.#
#........'..>#
#........#####
#........#
#........#
##########


There were no monsters in sight!

Vanquished Creatures
  An endoplasm (D:1)
1 creature vanquished.

Notes
Turn   | Place    | Note
-------+----------+-------------------------------------------
     0 | D:1      | MacCMillion the Merfolk Shapeshifter began the quest for
                  | the Orb.
     0 | D:1      | Reached XP level 1. HP: 15/15 MP: 1/1
    99 | D:1      | Quit the game

Illustrated notes

Levels and vault maps discovered:
D:1:      evilmike_arrival_hilbert_curve, layout_basic

Action                     || total
---------------------------++-------
  Melee: Unarmed           ||     2

Table legend: (Time is in decaauts)
 A = Elapsed time spent in this place.
 B = Non-inter-level travel time spent in this place.
 C = Inter-level travel time spent in this place.
 D = Time resting spent in this place.
 E = Time spent auto-exploring this place.
 F = Levels seen in this place.
 G = Mean time per level.
                   A        B        C        D        E       F      G
               +--------+--------+--------+--------+--------+-----+--------+
         Total |     99 |     99 |      0 |      0 |     75 |   1 |   99.0 |
       Dungeon |     99 |     99 |      0 |      0 |     75 |   1 |   99.0 |
               +--------+--------+--------+--------+--------+-----+--------+

Top non-repeatable levels by time:
     D:1: 99 daAuts
